Map: Backwater LE

Players

Military

  • Race: Terran Terran
  • Spawn Location: 5:00

meeK

  • Race: Terran Terran
  • League: Grandmaster
  • Spawn Location: 11:00

Industry

  • Race: Protoss Protoss
  • League: Platinum

Moonlight

  • Race: Protoss Protoss
  • League: Master

VOD

Have the link to the VOD?

Description

Time

  • Played on: March 9, 2018, 2:58 a.m.
  • Length: 29:44
Show
View Real Time Build Order
Export as new Build Order

Military Terran 

Build Orders: Reaper Expand, MMM Bio 

Get SALT Encoding   

  12  0:00  SCV  
  13  0:13  SCV  
  14  0:17  Supply Depot  
  14  0:25  SCV  
  15  0:39  SCV  
  15  0:40  Barracks  
  16  0:51  SCV  
  16  0:54  Refinery  
  17  1:03  SCV  
  18  1:15  SCV  
  19  1:30  Orbital Command  
  19  1:40  Command Center  
  19  1:41  Reaper  
  20  1:56  SCV  
  21  2:08  SCV  
  22  2:14  Marine  
  23  2:21  Supply Depot  
  23  2:23  Barracks  
  23  2:26  Refinery  
  23  2:28  Factory  
  23  2:35  Barracks Reactor  
  23  2:43  SCV  
  24  2:54  Orbital Command  
  24  2:55  SCV  
  25  3:07  SCV  
  25  3:11  Barracks Tech Lab  
  26  3:13  Marine x2  
  26  3:15  Factory Reactor  
  26  3:16  Starport  
  26  3:19  Bunker, SCV  
  29  3:20  SCV  
  30  3:31  SCV, Marine  
  30  3:33  SCV  
  33  3:39  Stimpack  
  32  3:41  Marine  
  32  3:43  SCV  
  32  3:45  SCV, Marine  
  36  3:49  Marine  
  38  3:55  SCV  
  38  3:57  SCV  
  38  4:02  Medivac  
  41  4:03  Marine  
  41  4:05  Marine  
  41  4:07  SCV  
  41  4:08  Medivac  
  46  4:18  Factory Reactor  
  46  4:20  Supply Depot  
  46  4:25  Supply Depot  
  46  4:28  Supply Depot  
  46  4:36  SCV x2, Marine x3  
  51  4:42  Medivac  
  53  4:48  SCV x2  
  55  4:56  Marine  
  55  4:57  Marine  
  55  4:58  Marine  
  55  4:59  Command Center, Widow Mine  
  60  5:01  SCV x2  
  61  5:09  Supply Depot  
  61  5:12  Refinery, Supply Depot  
  61  5:13  SCV x2  
  63  5:22  Engineering Bay  
  63  5:23  Engineering Bay  
  63  5:25  SCV x2  
  63  5:26  Refinery  
  65  5:29  Marine x3  
  65  5:32  Medivac  
  65  5:35  Medivac  
  72  5:39  Widow Mine  
  72  5:40  Widow Mine  
  72  5:48  Marine  
  67  5:55  Marine  
  67  5:56  Marine  
  69  5:58  SCV x2  
  71  6:07  Barracks, Factory Tech Lab  
  71  6:10  SCV  
  71  6:11  Orbital Command  
  72  6:13  Marine  
  72  6:16  Marine x2  
  75  6:26  Terran Infantry Weapons Level 1  
  75  6:27  Terran Infantry Armor Level 1  
  75  6:29  SCV x2  
  75  6:30  Marine  
  75  6:32  Barracks  
  78  6:34  Marine x2  
  80  6:41  SCV  
  80  6:42  SCV  
  81  6:48  Marine  
  81  6:51  Supply Depot  
  81  6:53  SCV  
  79  7:12  Barracks Tech Lab  
  71  7:32  SCV x2  
  71  7:33  SCV  
  71  7:36  Marine  
  75  7:37  Marine x2  
  73  7:45  Liberator x2  
  71  7:54  Marine  
  71  7:57  SCV  
  71  7:58  SCV x2  
  75  8:03  Marine x2  
  75  8:04  Refinery x2  
  82  8:07  Siege Tank  
  82  8:09  Command Center, Barracks  
  82  8:10  SCV x3, Barracks  
  82  8:11  Barracks  
  82  8:12  Marine x3  
  87  8:19  Armory x2  
  87  8:22  SCV x3  
  90  8:28  Missile Turret  
  90  8:31  Missile Turret  
  90  8:33  Missile Turret  
  90  8:34  SCV x3  
  85  8:46  SCV x2  
  86  8:48  Marine  
  86  8:49  Marine x4  
  86  8:50  Siege Tank, Medivac  
  86  8:51  Missile Turret  
  86  8:54  SCV  
  97  8:56  Barracks Tech Lab, Missile Turret  
  97  8:58  SCV, Barracks Reactor x2  
  98  9:06  Terran Infantry Armor Level 2, Terran Infantry Weapons Level 2, Marine  
  98  9:07  Marauder  
  98  9:08  Terran Vehicle And Ship Armor Level 1, Terran Vehicle Weapons Level 1, Missile Turret  
  101  9:12  Missile Turret  
  101  9:16  Missile Turret  
  95  9:20  Missile Turret  
  95  9:21  Liberator x2  
  84  9:27  Marine x3  
  84  9:28  Marauder  
  82  9:33  SCV x2  
  82  9:34  Orbital Command  
  82  9:35  Marine x3  
  82  9:36  Marauder  
  82  9:37  Combat Shields  
  95  9:45  Starport  
  95  9:47  Starport  
  95  9:50  Marauder  
  95  9:51  Starport  
  93  9:57  Marauder  
  82  10:11  SCV x2  
  82  10:12  SCV x2  
  86  10:15  Marine x2  
  86  10:16  Marine x2, Marauder  
  92  10:28  Starport Tech Lab  
  87  10:32  Starport Tech Lab  
  85  10:42  SCV x2  
  86  10:43  SCV  
  85  10:51  Marine  
  85  10:54  SCV x2  
  85  10:55  SCV, Missile Turret  
  89  10:57  Liberator x2  
  89  10:59  Missile Turret  
  89  11:02  Orbital Command, Fusion Core, Missile Turret  
  89  11:03  Starport Tech Lab, Missile Turret  
  89  11:04  Fusion Core  
  89  11:08  Starport, Marine  
  89  11:09  Starport  
  89  11:11  Supply Depot  
  89  11:13  Supply Depot  
  89  11:14  Supply Depot  
  94  11:26  Refinery  
  94  11:27  Refinery  
  94  11:28  SCV x4  
  94  11:30  Marine x3  
  94  11:31  Marauder  
  103  11:33  Marine  
  103  11:34  Marine x2  
  103  11:38  Terran Vehicle And Ship Armor Level 2  
  106  11:40  SCV x4  
  109  11:47  Starport Tech Lab x2  
  109  11:50  Battlecruiser x2  
  109  11:51  Marine  
  122  11:56  Weapon Refit  
  122  12:01  Missile Turret  
  122  12:03  Missile Turret  
  122  12:11  Battlecruiser  
  122  12:13  SCV x3, Missile Turret  
  122  12:14  SCV  
  132  12:26  Supply Depot  
  132  12:28  Supply Depot  
  132  12:29  Supply Depot  
  132  12:30  Marine x7  
  138  12:37  Terran Ship Weapons Level 1  
  138  12:43  SCV x2  
  140  12:45  Supply Depot  
  140  12:48  Battlecruiser, SCV x2, Supply Depot  
  140  12:49  Supply Depot  
  148  12:51  Supply Depot  
  148  12:57  Battlecruiser x2  
  148  12:58  Marine x2  
  161  13:14  Supply Depot  
  161  13:15  Battlecruiser  
  164  13:26  Battlecruiser  
  160  13:45  Marine x2  
  160  13:46  Marine x6  
  160  13:47  Marine x2  
  166  13:52  Battlecruiser  
  172  14:01  Battlecruiser  
  178  14:03  Command Center, Marine x3  
  178  14:04  Marine x5  
  190  14:10  Battlecruiser  
  185  14:27  Battlecruiser  
  182  14:36  Supply Depot  
  172  14:40  Supply Depot x2  
  172  14:44  Marine x5  
  172  14:45  Marine x2  
  170  14:46  Marine x3  
  159  14:56  SCV x3  
  162  15:02  Marine x5  
  162  15:05  Marine x2  
  169  15:08  SCV x2  
  143  15:54  Orbital Command  
  143  15:55  Starport, Command Center  
  143  15:56  Starport  
  144  15:57  Starport, SCV x2  
  145  16:04  SCV  
  145  16:09  SCV  
  147  16:14  Refinery, Liberator  
  147  16:17  Battlecruiser  
  153  16:18  Liberator  
  153  16:20  Terran Ship Weapons Level 2  
  153  16:23  Liberator  
  153  16:27  Liberator  
  153  16:28  Terran Vehicle And Ship Armor Level 3  
  156  16:34  Starport Tech Lab x2  
  165  16:47  Refinery  
  165  16:56  SCV x3  
  153  17:26  Battlecruiser  
  153  17:28  Battlecruiser  
  153  17:29  Marine x5  
  164  17:30  Marine x5  
  139  17:47  Marine x4  
  139  17:50  Battlecruiser  
  149  18:04  Missile Turret  
  149  18:20  Command Center  
  149  18:21  Command Center  
  149  18:25  Starport  
  149  18:26  Starport  
  149  18:33  Battlecruiser  
  149  18:34  Battlecruiser  
  143  18:59  Viking x2  
  143  19:00  Battlecruiser  
  153  19:15  Missile Turret x2  
  153  19:20  Missile Turret  
  146  19:37  Raven  
  133  19:39  Battlecruiser  
  132  19:56  Orbital Command  
  132  19:58  Refinery x2, Marine  
  133  20:04  Battlecruiser  
  136  20:20  Battlecruiser  
  136  20:21  SCV x4  
  142  20:33  SCV  
  143  20:44  Battlecruiser, Viking x2  
  143  20:47  SCV  
  143  20:48  SCV  
  156  20:51  Planetary Fortress  
  155  21:07  Terran Ship Weapons Level 3  
  155  21:21  Refinery  
  155  21:23  Refinery  
  143  21:41  Battlecruiser x2, Marine x3  
  143  21:42  Marine x7  
  143  21:43  Medivac  
  167  21:48  Missile Turret  
  167  21:51  Missile Turret x2  
  167  21:59  Marine  
  121  22:39  Battlecruiser, Marine  
  121  22:40  Marine x4  
  124  23:17  Battlecruiser  
  130  23:21  Liberator  
  130  23:24  SCV x3  
  134  23:39  Starport Tech Lab  
  117  24:16  Starport Tech Lab  
  91  25:00  SCV x2  
  91  25:01  SCV  
  95  25:13  Orbital Command  
  94  25:17  Battlecruiser  
  94  25:19  Medivac x2  
  104  25:26  SCV  
  104  25:27  SCV x2  
  107  25:38  SCV  
  107  25:39  Starport Tech Lab  
  107  25:42  SCV  
  109  25:53  SCV x3  
  109  25:54  SCV  
  113  26:05  SCV x3  
  113  26:06  SCV  
  117  26:11  Orbital Command  
  117  26:28  Battlecruiser  
  117  26:29  SCV x4  
  97  27:02  Marine x2  
  97  27:03  Marine x6  
  93  27:20  Marine x2  
  94  27:37  Refinery  
  94  27:43  SCV x5  
  99  27:52  Refinery  
  99  27:54  Marine x5  
  99  27:55  SCV x5, Marauder  
  99  27:56  Medivac, Marauder  
  115  28:07  SCV x4  
  115  28:08  SCV  
  120  28:19  SCV  
  118  28:23  SCV x3, Marine  
  118  28:24  Marine x2, Marauder  
  126  28:38  SCV x5  
  131  28:50  SCV  
  131  28:51  Marine  
  131  28:52  Marine, Marauder  
  131  28:53  SCV x3  
  133  29:15  SCV  
  133  29:16  SCV x3  
Show
View Real Time Build Order
Export as new Build Order

meeK Terran 

Build Orders:  

Get SALT Encoding   

  12  0:00  Probe  
  13  0:13  Probe  
  14  0:18  Pylon  
  14  0:25  Probe  
  15  0:37  Probe  
  15  0:38  Gateway  
  16  0:49  Probe  
  17  0:52  Assimilator  
  17  0:59  Probe  
  18  1:07  Probe  
  19  1:21  Nexus  
  19  1:22  Probe  
  20  1:34  Cybernetics Core  
  20  1:36  Probe  
  21  1:43  Assimilator  
  21  1:48  Probe  
  21  1:53  Pylon  
  22  2:01  Stalker, Probe  
  23  2:11  Warp Gate  
  23  2:13  Probe  
  26  2:17  Pylon  
  25  2:25  Probe  
  26  2:30  Twilight Council  
  26  2:37  Probe x2  
  26  2:38  Blink  
  26  2:40  Stalker  
  30  2:45  Probe x2  
  32  2:53  Probe x2  
  34  3:03  Probe  
  34  3:05  Probe  
  36  3:13  Stalker  
  36  3:17  Probe  
  36  3:19  Probe  
  40  3:26  Pylon  
  39  3:29  Probe  
  39  3:33  Gateway  
  40  3:36  Gateway, Probe  
  40  3:41  Probe  
  42  3:48  Probe  
  42  3:53  Probe  
  42  3:55  Assimilator  
  44  3:58  Pylon  
  44  4:00  Probe  
  45  4:05  Probe  
  45  4:08  Robotics Facility  
  46  4:13  Probe  
  47  4:25  Nexus  
  47  4:36  Gateway x2  
  47  4:39  Gateway  
  47  4:44  Stalker x2  
  51  4:46  Stalker  
  51  4:48  Probe  
  51  4:50  Observer, Probe  
  56  5:00  Pylon  
  56  5:01  Charge (Chrono Boost)  
  56  5:04  Probe  
  57  5:08  Probe  
  57  5:13  Observer  
  58  5:15  Forge  
  58  5:18  Forge  
  60  5:21  Probe  
  60  5:22  Probe  
  60  5:24  Zealot x2  
  65  5:32  Pylon  
  65  5:36  Pylon  
  65  5:39  Stalker x3  
  69  5:47  Protoss Ground Weapons Level 1, Protoss Ground Armor Level 1, Probe x2  
  69  5:54  Pylon, Probe  
  70  5:59  Observer, Probe x2  
  73  6:06  Probe  
  74  6:11  Probe  
  74  6:12  Probe  
  74  6:15  Sentry x3  
  74  6:16  Zealot x3  
  89  6:18  Probe  
  89  6:19  Assimilator  
  89  6:23  Assimilator, Probe  
  89  6:24  Probe  
  91  6:26  Observer, Pylon  
  91  6:27  Pylon  
  91  6:31  Assimilator  
  92  6:41  Probe  
  92  6:44  Probe  
  92  6:45  Probe  
  95  6:50  Gateway  
  95  6:52  Gateway  
  95  6:53  Gateway  
  95  6:54  Warp Prism  
  95  6:56  Templar Archives  
  95  7:00  Zealot x2  
  95  7:01  Zealot x3  
  105  7:15  Pylon  
  105  7:17  Pylon  
  105  7:24  Immortal  
  105  7:26  Probe  
  104  7:31  Probe  
  104  7:32  Psionic Storm  
  104  7:33  Probe  
  110  7:39  Probe  
  110  7:42  Pylon  
  109  7:44  Zealot x5  
  109  7:45  Zealot  
  109  7:50  Pylon  
  113  7:51  Pylon  
  113  7:56  Probe  
  112  7:58  Probe  
  112  8:00  Probe  
  114  8:08  High Templar x4, Protoss Ground Weapons Level 2  
  114  8:09  Zealot x2  
  114  8:10  Zealot x3, Protoss Ground Armor Level 2  
  132  8:29  Adept x2  
  132  8:30  Adept x3  
  142  8:36  Adept  
  142  8:39  Pylon  
  138  8:44  Nexus  
  130  9:00  Warp Prism  
  130  9:06  Robotics Facility  
  130  9:08  Pylon x2  
  130  9:09  Robotics Bay  
  116  9:17  Stalker x5  
  102  9:33  Assimilator  
  102  9:36  Assimilator  
  102  9:38  Pylon  
  102  9:48  Probe  
  102  9:49  Probe  
  92  9:53  Archon  
  82  10:03  Protoss Ground Weapons Level 3  
  74  10:08  Protoss Ground Armor Level 3  
  74  10:12  Zealot x4  
  74  10:13  Zealot x3, Stalker x2, Colossus  
  74  10:14  Colossus  
  92  10:22  Extended Thermal Lance (Chrono Boost)  
  95  10:46  High Templar x4  
  95  10:47  Stalker x3  
  95  10:48  Zealot x2  
  109  10:55  Observer  
  109  11:03  Nexus  
  109  11:04  Pylon  
  109  11:11  Shield Battery  
  109  11:12  Shield Battery  
  109  11:13  Photon Cannon  
  109  11:16  Photon Cannon  
  105  11:19  Photon Cannon  
  105  11:23  Stalker x4  
  105  11:24  Stalker  
  105  11:25  Colossus  
  115  11:26  High Templar  
  115  11:27  High Templar x3  
  115  11:30  Archon  
  115  11:31  Archon  
  123  11:34  Colossus  
  131  11:50  Stalker x2  
  134  12:05  Pylon  
  134  12:07  Stargate  
  134  12:14  Stalker x2  
  134  12:15  Stalker x4  
  146  12:16  Stalker  
  148  12:30  Zealot  
  148  12:31  Zealot  
  148  12:35  Warp Prism  
  152  12:41  Protoss Shields Level 1  
  152  12:42  Probe x2  
  152  12:43  Probe  
  155  12:48  Immortal  
  161  12:51  Oracle  
  161  12:54  Fleet Beacon  
  164  13:01  Zealot x3  
  164  13:04  Zealot  
  171  13:06  Zealot  
  154  13:23  Probe  
  154  13:24  Probe x3  
  158  13:28  High Templar x2  
  158  13:32  Photon Cannon  
  158  13:33  Zealot  
  164  13:35  Photon Cannon  
  164  13:39  Photon Cannon  
  164  13:42  Shield Battery  
  164  13:45  Mothership  
  164  13:52  Shield Battery  
  164  13:53  High Templar x2  
  174  13:58  High Templar  
  174  13:59  High Templar x3  
  182  14:03  Archon, Probe x3  
  182  14:04  Archon  
  182  14:07  Assimilator  
  182  14:09  Assimilator  
  185  14:11  Pylon  
  183  14:28  Stargate  
  183  14:29  Stargate  
  183  14:31  Stalker x2, Protoss Air Weapons Level 1  
  171  14:32  Stalker, Stargate  
  171  14:35  Stargate  
  151  14:44  Archon  
  121  14:46  Protoss Shields Level 2  
  121  14:51  Stalker x3  
  119  14:54  Stalker x2  
  119  14:57  Stalker  
  115  15:12  Stalker  
  115  15:17  Stalker  
  115  15:19  Nexus  
  115  15:20  Pylon  
  115  15:27  Stalker x2  
  119  15:33  Tempest  
  119  15:34  Tempest  
  123  15:47  Probe  
  123  15:48  Tempest  
  123  15:49  Tempest  
  136  16:07  Probe x4  
  140  16:17  Probe  
  141  16:19  Probe x2  
  141  16:22  High Templar x4  
  141  16:23  High Templar x3  
  154  16:29  Archon x3  
  154  16:31  Stalker, High Templar  
  158  16:36  Archon  
  158  16:43  Tempest  
  158  16:44  Tempest  
  158  16:45  Tempest  
  158  16:55  Tempest  
  168  17:10  Assimilator  
  168  17:14  Assimilator  
  151  17:34  Stalker  
  151  17:35  Stalker x6  
  151  17:36  Stalker x2  
  113  17:58  Tempest x2 (Chrono Boost)  
  113  18:02  Oracle (Chrono Boost)  
  126  18:09  Probe  
  126  18:12  Probe  
  128  18:13  Pylon  
  128  18:14  Probe  
  129  18:25  Stalker x8  
  144  18:28  Stalker  
  146  18:37  Probe  
  145  18:54  Stalker x6  
  145  18:55  Stalker x3  
  151  18:58  Probe  
  154  19:08  Void Ray x2  
  157  19:17  Zealot x2  
  157  19:18  Zealot x4, Nexus  
  157  19:19  Pylon  
  132  19:43  Tempest (Chrono Boost)  
  132  19:44  Tempest (Chrono Boost)  
  116  19:48  Tempest x2 (Chrono Boost)  
  116  19:51  Protoss Air Weapons Level 2  
  138  20:12  Tempest (Chrono Boost)  
  134  20:19  Tempest  
  134  20:20  Tempest  
  136  20:27  Probe  
  136  20:28  Probe  
  148  20:36  Assimilator  
  148  20:37  High Templar  
  148  20:41  Assimilator  
  150  21:03  Stalker x3  
  150  21:04  Stalker x5  
  146  21:12  Probe x6  
  148  21:24  Probe x6  
  144  21:27  Observer  
  136  21:33  Probe x3  
  136  21:34  Probe  
  136  21:36  Probe x2  
  142  21:41  Probe x3  
  142  21:42  Probe  
  142  21:44  Void Ray x4  
  162  21:48  Probe x2  
  147  22:21  Void Ray x2  
  147  22:22  Void Ray  
  129  22:32  High Templar x3  
  129  22:33  Zealot x6  
  139  22:41  Nexus  
  139  22:42  Probe x2  
  141  22:45  Probe  
  141  22:46  Tempest, Probe x3  
  151  22:59  Protoss Air Weapons Level 3 (Chrono Boost)  
  149  23:16  Probe x2  
  149  23:17  Probe  
  149  23:19  Void Ray  
  150  23:20  Void Ray  
  150  23:25  Zealot x3  
  150  23:26  Zealot x6  
  174  23:42  Void Ray x2  
  174  23:44  Nexus  
  174  23:46  Pylon  
  174  23:49  Void Ray  
  184  24:07  Stalker x4, Photon Cannon  
  184  24:13  Photon Cannon  
  175  24:27  Void Ray  
  173  24:34  Void Ray  
  181  24:46  Assimilator  
  181  24:51  Assimilator  
  146  25:06  Probe  
  147  25:09  Observer  
  147  25:11  Assimilator  
  147  25:17  Nexus  
  147  25:20  Pylon  
  147  25:26  Gateway  
  150  25:28  Gateway  
  150  25:33  Oracle (Chrono Boost)  
  150  25:37  Void Ray (Chrono Boost)  
  150  25:38  Nexus  
  150  25:40  Pylon  
  152  25:57  Void Ray (Chrono Boost)  
  152  26:04  Void Ray (Chrono Boost)  
  152  26:07  Assimilator  
  152  26:11  Assimilator  
  142  26:42  Photon Cannon  
  142  26:45  Shield Battery  
  138  26:49  Photon Cannon  
  134  26:55  Nexus  
  42  27:25  Stalker x2  
  42  27:26  Stalker x2  
  50  27:41  Stalker x2  
  50  28:20  Stalker  
  50  28:21  Stalker x2  
  50  28:22  Stalker  
  58  28:37  Stalker x2  
  58  28:38  Stalker  
  64  28:45  Stalker x2  
  68  28:53  Stalker x2  
  72  29:05  Assimilator  
  72  29:07  Assimilator  
  72  29:14  Stalker x2  
  64  29:39  Stalker x3  
Show
View Real Time Build Order
Export as new Build Order

Industry Protoss 

Build Orders:  

Get SALT Encoding   

Show
View Real Time Build Order
Export as new Build Order

Moonlight Protoss 

Build Orders:  

Get SALT Encoding   

Tags
 
Add a new tag
Caveats
  • Supply blocks, unpowered buildings, or Contaminate may cause inaccurate times.
  • Supply counts are checked every 10 seconds.